AoeStats
← ThaDolfin

Scandinavia

510406327Analyzed
1v1 RM · 19h ago on Sep 30, 2026· 38m 40s· 2 players
Game mode
Random Map
Map size
Tiny (2 player)
Population
200
Speed
Normal
Resources
Standard
Victory
Conquest
Starting age
Dark Age
Ending age
Imperial Age
RankedLock teamsTeams togetherTeam positionsShared explorationLock speedFull tech treeHidden civsTurbo modeCheats
Victory
Defeat
🇺🇸 Sicilians · United States
578
+32
🇺🇸 Britons · United States
600
-17
A BABY GERBIL
0:37 Loom
13:13 Feudal Age
13:57 Double-Bit Axe
14:35 Gold Mining
14:38 Stone Mining
14:49 Arson
18:01 Scale Mail Armor
18:07 Horse Collar
18:14 Fishing Lines
20:33 Forging
21:28 Fletching
25:54 Wheelbarrow
25:05 Town Watch
29:11 Castle Age
31:05 Bow Saw
31:00 Heavy Plow
31:04 Squires
31:01 Bodkin Arrow
33:27 Gold Shaft Mining
32:54 Murder Holes
33:10 Masonry
ThaDolfin
7:47 Loom
12:14 Feudal Age
15:31 Double-Bit Axe
16:33 Horse Collar
17:31 Wheelbarrow
16:58 Gold Mining
16:59 Stone Mining
26:33 Castle Age
27:31 Crossbowman
32:51 Fletching
33:02 Padded Archer Armor
Connection lost

Rejoining the realm…

Still unreachable

The connection could not be restored.

Session expired

The server has moved on; the page needs a fresh start.